 Dungeon Crawl Stone Soup version 0.30.1-8-g117510f58f (webtiles) character file.

Game seed: 2632533049122247289

4 booth the Caller (level 1, -1/13 HPs)
             Began as a Gnoll Summoner on Sept 23, 2023.
             Slain by a jackal (3 damage)
             ... on level 1 of the Dungeon.
             The game lasted 00:01:05 (148 turns).

booth the Caller (Gnoll Summoner)                    Turns: 148, Time: 00:01:06

Health: -1/13      AC:  2    Str:  7    XL:     1   Next: 60%
Magic:  3/6        EV: 13    Int: 14    God:
Gold:   22         SH:  0    Dex: 12    Spells: 8/9 levels left

rFire   . . .        (no weapon)
rCold   . . .        (no shield)
rNeg    . . .        a - +0 robe
rPois   .            (no helmet)
rElec   .            (no cloak)
rCorr   .            (no gloves)
SInv    .            (no boots)
Will    .....        (no amulet)
Stlth   ++           (no ring)
HPRegen 0.22/turn    (no ring)
MPRegen 0.10/turn

%: no passive effects
@: no status effects
A: fangs 1, strong nose, distributed training
a: no special abilities


You were on level 1 of the Dungeon.
You visited 1 branch of the dungeon, and saw 1 of its levels.

You collected 22 gold pieces.

Inventory:

Armour
 a - a +0 robe (worn)
Scrolls
 c - a scroll of teleportation {unknown}
Potions
 b - a potion of magic


   Skills:
 + Level 0.1 Fighting
 + Level 0.1 Short Blades
 + Level 0.1 Long Blades
 + Level 0.1 Axes
 + Level 0.1 Maces & Flails
 + Level 0.1 Polearms
 + Level 0.1 Staves
 + Level 0.1 Ranged Weapons
 + Level 0.1 Throwing
 + Level 0.1 Armour
 + Level 4.4 Dodging
 + Level 4.0 Stealth
 + Level 0.1 Shields
 + Level 0.1 Unarmed Combat
 + Level 4.9 Spellcasting
 + Level 0.1 Conjurations
 + Level 0.1 Hexes
 + Level 7.0 Summonings
 + Level 0.1 Necromancy
 + Level 0.1 Translocations
 + Level 0.1 Transmutations
 + Level 0.1 Fire Magic
 + Level 0.1 Ice Magic
 + Level 0.1 Air Magic
 + Level 0.1 Earth Magic
 + Level 0.1 Poison Magic
 + Level 0.2 Invocations
 + Level 0.1 Evocations


You had 8 spell levels left.
You knew the following spells:

 Your Spells              Type           Power      Damage    Failure   Level
a - Summon Small Mammal   Summ           92%        N/A       1%          1

Your spell library contained the following spells:

 Spells                   Type           Power      Damage    Failure   Level
 Call Imp                 Summ           46%        N/A       1%          2
 Call Canine Familiar     Summ           23%        N/A       3%          3
 Summon Guardian Golem    Hex/Summ       13%        N/A       12%         3
 Summon Lightning Spire   Summ/Air       13%        N/A       38%         4


Dungeon Overview and Level Annotations

Branches:
Dungeon (1/15)

Altars:


Innate Abilities, Weirdness & Mutations

You have very sharp teeth.
Your uncanny sense of smell can sniff out nearby items.
Your experience applies equally to all skills.


Message History

Your quokka closely misses the jackal.
You barely miss the jackal.
The jackal is lightly wounded.
The jackal bites your quokka. The jackal misses you. The jackal bites you.
Your quokka barely misses the jackal.
You barely miss the jackal.
The jackal is lightly wounded.
The jackal barely misses your quokka. The jackal barely misses you.
The jackal bites you but does no damage.
Your quokka bites the jackal but does no damage.
The jackal bites your quokka. The jackal closely misses you.
The jackal bites you.
You barely miss the jackal.
The jackal is lightly wounded.
The jackal bites you. The jackal bites your quokka.
Your quokka misses the jackal. The jackal closely misses you.
The jackal bites your quokka but does no damage.
Your quokka misses the jackal.
The jackal bites you but does no damage.
The jackal misses your quokka.
Casting: Summon Small Mammal (safe; 1% risk of failure)
Confirm with . or Enter, or press ? or * to list all spells.
Your bat disappears in a puff of smoke!
Your quokka bites the jackal.
The jackal dies!
The jackal closely misses you. x2; Your quokka bites the jackal.
You barely miss the jackal.
The jackal is moderately wounded.
The jackal bites you but does no damage.
The jackal bites you.
Your quokka bites the jackal but does no damage.
You hit the jackal but do no damage. Your punch misses the jackal.
You bite the jackal, but do no damage.
The jackal is moderately wounded.
The jackal bites you.
* * * LOW HITPOINT WARNING * * *
The jackal misses you.
Your quokka bites the jackal but does no damage.
The jackal misses you. The jackal bites you.
You die...

#.#.<.'.# #.#...#.# .. #.#
####.#####'# #.# #.#
[.......#..# ##..# #.#
.###....'..# #..# #.#
..##....#..# ∆ ##.### #.#
#.##.#####'# ##.§..# #.####
#..#.#...#.# ##hr##.######.#..h
##...#...#.#
###@h.†............h
###.#.>.'.###..r#.##...####.#...
####.#...###.......####.####.#
## .....#####.........# #....hh#
####....†......##### #####h.#
##..........# #.## #..........#
### #..........# ##........##


You could see 2 jackals, a friendly quokka (summoned) and a friendly rat
(summoned).

Vanquished Creatures (collateral kills)
  2 jackals (D:1)
  A quokka (D:1)
3 creatures vanquished.

Notes
Turn   | Place    | Note
-------+----------+-------------------------------------------
     0 | D:1      | booth the Gnoll Summoner began the quest for the Orb.
     0 | D:1      | Reached XP level 1. HP: 13/13 MP: 6/6
   148 | D:1      | Slain by a jackal

Illustrated notes

Levels and vault maps discovered:
D:1:      arrival_zaba_pyramid, layout_rooms, minmay_stone_trees_small,
          minmay_indecisive_spiral

Action                     || total
---------------------------++-------
  Melee: Unarmed           ||    19
         Bite              ||     1
   Cast: Summon Small Mamm ||     9
 Armour: Robe              ||     9
  Dodge: Dodged            ||    22
